 Dungeon Crawl Stone Soup version 0.25-b1-23-ge2ad7d536c (webtiles) character file.

Game seed: 384757692253957489, levelgen mode: deterministic

67 funkygono the Shield-Bearer (level 4, 0/29 HPs)
             Began as a Gargoyle Fighter on June 3, 2020.
             Slain by Sigmund
             ... wielding a +0 scythe
              (4 damage)
             ... on level 2 of the Dungeon.
             The game lasted 00:02:49 (1213 turns).

funkygono the Shield-Bearer (Gargoyle Fighter)      Turns: 1213, Time: 00:02:50

Health: 0/29       AC: 10    Str: 21    XL:     4   Next: 18%
Magic:  4/4        EV:  7    Int:  8    God:
Gold:   92         SH:  0    Dex:  9    Spells: 3/3 levels left

rFire    . . .     SeeInvis .   a - +0 flail
rCold    . . .     Gourm    .   c - +0 kite shield
rNeg     + . .     Faith    +   b - +0 scale mail
rPois    ∞         Spirit   .   (no helmet)
rElec    +         Reflect  .   (no cloak)
rCorr    .         Harm     .   (no gloves)
MR       .....                  (no boots)
Stlth    ..........             e - amulet of faith
HPRegen  0.09/turn              (no ring)
MPRegen  0.09/turn              (no ring)

@: confused
A: negative energy resistance 1, electricity resistance, unbreathing,
petrification resistance, rot immunity, AC +3
a: no special abilities


You were on level 2 of the Dungeon.
You were not hungry.

You visited 1 branch of the dungeon, and saw 2 of its levels.

You collected 92 gold pieces.

Inventory:

Hand Weapons
 a - a +0 flail (weapon)
Missiles
 i - 22 bolts
 n - 68 stones (quivered)
Armour
 b - a +0 scale mail (worn)
 c - a +0 kite shield (worn)
Jewellery
 e - an amulet of faith (around neck)
Scrolls
 h - a scroll of teleportation
 l - a scroll of remove curse
Potions
 d - a potion of might
 g - a potion of heal wounds {unknown}
 j - a potion of lignification
 k - 2 potions of curing
 o - a potion of brilliance
 p - a potion of stabbing {unknown}
Comestibles
 f - a ration
 m - 4 chunks of flesh


   Skills:
 + Level 3.7 Fighting
 + Level 2.7 Maces & Flails
 + Level 3.8 Armour
 + Level 0.1 Dodging
 + Level 4.1 Shields


You had 3 spell levels left.
You didn't know any spells.
Your spell library was empty.

Dungeon Overview and Level Annotations

Branches:
Dungeon (2/15)

Altars:
Uskayaw

Annotations:
D:2 Sigmund


Innate Abilities, Weirdness & Mutations

You are resistant to torment.
Your stone body is resilient. (AC +3)
You are immune to poison.
You resist negative energy. (rN+)
You are resistant to electric shocks. (rElec)
You can survive without breathing.
You are immune to petrification.
You are immune to rotting.


Message History

You are confused.
You're too confused to move!
You hear some strange, mumbled words.
You are more confused.
You barely miss something.
You hear some strange, mumbled words.
You are more confused.
You bump into the rock wall.
Something hits you!
You miss something. Something hits you.
You bump into the rock wall.
You bump into the rock wall.
Something hits you but does no damage.
You miss something. Something hits you but does no damage.
You're too confused to move!
Something hits you but does no damage.
You completely miss something. Something hits you.
You bump into the rock wall.
Something hits you.
* * * LOW HITPOINT WARNING * * *
Your shield and scale mail prevent you from hitting something.
Something hits you.
You die...

##.....########
.. ..........#
# .########.#
#######.#######
........#......
..........#
........%.#
#########.####
#..<...@.<#
######{##.# #..
.. #..# ## ...#
#.## #.# #.#


There were no monsters in sight!

Vanquished Creatures
  Natasha (D:2)
  An ooze (D:1)
  A dart slug (D:1)
  A leopard gecko (D:1)
  8 bats
  3 giant cockroaches (D:1)
  4 goblins
  2 hobgoblins (D:1)
  4 jackals (D:2)
  2 frilled lizards
  4 kobolds
  5 rats
36 creatures vanquished.

Notes
Turn   | Place    | Note
-------+----------+-------------------------------------------
     0 | D:1      | funkygono the Gargoyle Fighter began the quest for the Orb.
     0 | D:1      | Reached XP level 1. HP: 14/14 MP: 1/1
   121 | D:1      | Reached XP level 2. HP: 19/19 MP: 2/2
   509 | D:1      | Reached XP level 3. HP: 23/23 MP: 3/3
  1070 | D:2      | Found a hide-covered altar of Uskayaw.
  1070 | D:2      | Noticed a +0 dagger
  1072 | D:2      | Noticed a -3 dagger
  1145 | D:2      | Reached skill level 4 in Shields
  1186 | D:2      | Noticed Natasha
  1190 | D:2      | Killed Natasha
  1190 | D:2      | Reached XP level 4. HP: 29/29 MP: 4/4
  1191 | D:2      | Noticed Sigmund
  1213 | D:2      | Slain by Sigmund

Illustrated notes

Levels and vault maps discovered:
D:1:      scummos_arrival_simple_fountains, layout_basic,
          minmay_indecisive_spiral
D:2:      minmay_diamond_boxcup, layout_basic,
          gammafunk_temple_overflow_elements, dancing_weapons_uskayaw,
          minivault_4, lemuel_blue_sif_altar, uniq_sigmund, uniq_natasha

Skill      XL: |  1  2  3 |
---------------+----------+-----
Shields        | 4 |  4.1
Fighting       | |  3.7
Maces & Flails | |  2.7
Armour         | |  3.8
Dodging        | |  0.1

Action                   |  1- 3 |  4- 6 || total
-------------------------+-------+-------++-------
Melee: Flail             |   134 |    12 ||   146
  Use: Scroll            |     6 |       ||     6
  Eat: Chunk             |     1 |       ||     1
Armor: Scale mail        |    92 |     2 ||    94
Dodge: Dodged            |    59 |     1 ||    60
Block: Kite shield       |    92 |     3 ||    95
